 Dungeon Crawl Stone Soup version 0.28-a0-768-g8c92f1e708 (webtiles) character file.

Game seed: 8303558349129604962

31 BinkBink the Insei (level 2, -3/22 HPs)
             Began as a Demigod Transmuter on Oct 31, 2021.
             Slain by a worm (10 damage)
             ... on level 2 of the Dungeon.
             The game lasted 00:03:06 (1075 turns).

BinkBink the Insei (Demigod Transmuter)             Turns: 1075, Time: 00:03:06

Health: -3/22      AC:  2    Str: 11    XL:     2   Next: 90%
Magic:  7/7        EV: 12    Int: 15    God:
Gold:   50         SH:  0    Dex: 14    Spells: 4/5 levels left

rFire   . . .      SeeInvis .     - Unarmed
rCold   . . .      Faith    .   (no shield)
rNeg    . . .      Spirit   .   a - +0 robe
rPois   .          Reflect  .   (helmet currently unavailable)
rElec   .          Harm     .   (no cloak)
rCorr   .          Rampage  .   (no gloves)
Will    .....                   (boots currently unavailable)
Stlth   +.........              (no amulet)
HPRegen 0.07/turn               (no ring)
MPRegen 0.10/turn               (no ring)

@: appendages (expiring)
A: horns 2, talons 2, high mp 1, forlorn
a: End Transformation


You were on level 2 of the Dungeon.
You had temporarily grown beastly horns and talons.
You visited 1 branch of the dungeon, and saw 2 of its levels.

You collected 50 gold pieces.

Inventory:

Armour
 a - a +0 robe (worn)
Jewellery
 b - a ring of protection from cold
Scrolls
 c - a scroll of noise {unknown}
 e - a scroll of enchant weapon {unknown}
Potions
 d - a potion of haste {unknown}


   Skills:
 + Level 0.8 Fighting
 + Level 1.9 Dodging
 + Level 3.4 Unarmed Combat
 + Level 2.1 Spellcasting
 + Level 2.0 Transmutations


You had 4 spell levels left.
You knew the following spells:

 Your Spells              Type           Power      Damage    Failure   Level
a - Beastly Appendage     Tmut           14%        N/A       10%         1

Your spell library contained the following spells:

 Spells                   Type           Power      Damage    Failure   Level
 Wereblood                Tmut           7%         N/A       14%         2
 Spider Form              Tmut/Pois      2%         N/A       41%         3
 Gell's Gravitas          Tloc           0%         N/A       54%         3
 Teleport Other           Tloc           1%         N/A       54%         3
 Ice Form                 Ice/Tmut       4%         N/A       82%         4
 Dispersal                Tloc           0%         N/A       100%        6


Dungeon Overview and Level Annotations

Branches:
Dungeon (2/15)

Shops:
D:1 ?


Innate Abilities, Weirdness & Mutations

You have temporarily grown beastly horns and talons.
Your attributes grow dramatically as you level up.
You have an increased reservoir of magic. (+10% MP)
You shall have no god before yourself.


Message History

Your transformation is almost over.
Your horns disappear.
Your talons disappear.
You now have 50 gold pieces (gained 18).
Found a stone staircase leading down.
There is a stone staircase leading down here.
Found an escape hatch in the floor.
A worm and a giant cockroach come into view.
Found 22 stones.
Found a stone staircase leading down.
Casting: Beastly Appendage (safe; 10% risk of failure)
Confirm with . or Enter, or press ? or * to list all spells.
You grow a pair of large bovine horns.
Your feet morph into talons.
Found 20 gold pieces.
The giant cockroach closely misses you.
You hit the giant cockroach but do no damage.
You claw the giant cockroach.
The giant cockroach is moderately wounded.
The giant cockroach closely misses you.
You hit the giant cockroach.
The giant cockroach is almost dead.
The giant cockroach barely misses you.
You hit the giant cockroach.
You kill the giant cockroach!
You punch the worm!
The worm is moderately wounded.
The worm bites you!
You completely miss the worm. You claw the worm. Your headbutt misses the worm.
The worm is moderately wounded.
You hit the worm. You claw the worm, but do no damage.
The worm is heavily wounded.
The worm bites you.
You are too injured to fight recklessly!
You are too injured to fight recklessly!
You are too injured to fight recklessly!
You hit the worm.
The worm is severely wounded.
Your transformation is almost over.
You barely miss the worm. You claw the worm. You headbutt the worm.
The worm is severely wounded.
The worm bites you!
You die...

...#.# ###...#$#
#.......### #.........
#.# #.>.....# ....#
#.#.....## #.#.#
####.#......## #.#.#
#...#........# #.#.###
#.##.#@.....$.
##.....####.##.#†w......
............##.##.(.....
.........#..##.. .......
......#..#..#### #..#...
##......#...# ..# ..
...#.#.###..######..# .
####..## ##.........#
...#.#.###..#######


You could see a worm.

Vanquished Creatures
  A dart slug (D:1)
  2 bats (D:1)
  3 giant cockroaches
  6 goblins (D:1)
  A hobgoblin (D:1)
  5 jackals (D:1)
  2 quokkas (D:1)
  4 frilled lizards
  A kobold (D:1)
  A rat (D:1)
26 creatures vanquished.

Notes
Turn   | Place    | Note
-------+----------+-------------------------------------------
     0 | D:1      | BinkBink the Demigod Transmuter began the quest for the
                  | Orb.
     0 | D:1      | Reached XP level 1. HP: 15/15 MP: 5/5
   235 | D:1      | Reached skill level 3 in Unarmed Combat
   275 | D:1      | Found Itoadostu's Magic Scroll Shop.
   347 | D:1      | Reached XP level 2. HP: 22/22 MP: 5/7
  1075 | D:2      | Slain by a worm

Illustrated notes

Levels and vault maps discovered:
D:1:      mrwooster_arrival_statue_3, layout_rooms, serial_shops,
          nicolae_shop_waterfront, ebering_ecumenical_altar_mist
D:2:      layout_loops_ring

Skill      XL: |  1  2 |
---------------+-------+-----
Unarmed Combat | 3 |  3.4
Spellcasting   | 2 |  2.1
Transmutations | 2 |  2.0
Fighting       | |  0.8
Dodging        | |  1.9

Action                   || total
-------------------------++-------
Melee: Unarmed           ||    70
       Kick              ||    14
       Headbutt          ||     4
 Cast: Beastly Appendage ||    18
 Stab: Sleeping          ||     1
Armor: Robe              ||     5
Dodge: Dodged            ||    36

Table legend: (Time is in decaauts)
 A = Elapsed time spent in this place.
 B = Non-inter-level travel time spent in this place.
 C = Inter-level travel time spent in this place.
 D = Time resting spent in this place.
 E = Time spent auto-exploring this place.
 F = Levels seen in this place.
 G = Mean time per level.
                   A        B        C        D        E       F      G
               +--------+--------+--------+--------+--------+-----+--------+
         Total |   1070 |   1034 |     36 |      0 |    883 |   2 |  535.0 |
       Dungeon |   1070 |   1034 |     36 |      0 |    883 |   2 |  535.0 |
               +--------+--------+--------+--------+--------+-----+--------+

Top non-repeatable levels by time:
     D:1: 999 daAuts
     D:2: 71 daAuts
